 Dungeon Crawl Stone Soup version 0.28-a0-1395-g4f6bc678fa (webtiles) character file.

Game seed: 7341338414650309803

821 fragbeetle the Cudgeller (level 7, 0/68 HPs)
             Began as a Troll Berserker on Jan 4, 2022.
             Was a Believer of Trog.
             Slain by Eustachio (6 damage)
             ... on level 5 of the Dungeon.
             The game lasted 00:10:45 (3999 turns).

fragbeetle the Cudgeller (Troll Berserker)          Turns: 3999, Time: 00:10:45

Health: 0/68       AC:  4    Str: 26    XL:     7   Next: 63%
Magic:  0/6        EV: 10    Int:  9    God:    Trog [**....]
Gold:   218        SH:  0    Dex:  9    Spells: 6/6 levels left

rFire   . . .      SeeInvis .   a - +0 mace
rCold   . . .      Faith    .   (no shield)
rNeg    . . .      Spirit   +   b - +0 animal skin
rPois   .          Reflect  .   (helmet restricted)
rElec   .          Harm     .   (no cloak)
rCorr   .          Rampage  .   (gloves unavailable)
Will    .....                   (boots unavailable)
Stlth   +.........              o - amulet "Hoff" {Spirit Int+4}
HPRegen 1.01/turn               (no ring)
MPRegen 0.10/turn               (no ring)

@: on berserk cooldown, slowed, very slow
A: large, unfitting armour, claws 3, regeneration 1, shaggy fur 1, tough skin 1
a: Renounce Religion, Berserk, Trog's Hand


You were on level 5 of the Dungeon.
You worshipped Trog.
Trog was pleased with you.
You visited 2 branches of the dungeon, and saw 6 of its levels.

You collected 218 gold pieces.

Inventory:

Hand Weapons
 a - a +0 mace (weapon)
 r - a +0 giant club
Missiles
 c - 158 stones (quivered)
 l - 7 poisoned darts
 u - 2 silver boomerangs
Armour
 b - a +0 animal skin (worn)
Jewellery
 o - the amulet "Hoff" (around neck) {Spirit Int+4}
   (You found it on level 3 of the Dungeon)

   [amulet of guardian spirit]

   It causes incoming damage to be divided between your reserves of health and
   magic.
   Int:       It affects your intelligence (+4).
Wands
 j - a wand of flame (19)
Scrolls
 d - 2 scrolls of identify {unknown}
 e - 2 scrolls of fog {unknown}
 f - 2 scrolls of enchant weapon {unknown}
 g - a scroll of fear {unknown}
 h - a scroll of magic mapping {unknown}
 i - a scroll of silence {unknown}
 p - 2 scrolls of noise {unknown}
 t - a scroll of teleportation {unknown}
Potions
 k - 2 potions of berserk rage {unknown}
 m - a potion of degeneration {unknown}
 n - a potion of attraction {unknown}
 q - a potion of heal wounds {unknown}
 s - 2 potions of haste {unknown}


   Skills:
 + Level 3.8 Fighting
 * Level 5.5 Maces & Flails
 + Level 3.1 Throwing
 + Level 3.8 Dodging
 + Level 1.3 Evocations


You had 6 spell levels left.
You didn't know any spells.
Your spell library was empty.

Dungeon Overview and Level Annotations

Branches:
Dungeon (5/15)             Temple (1/1) D:4

Altars:
Kikubaaqudgha
Makhleb
Qazlal
Sif Muna

Shops:
D:1 (   D:3 [

Annotations:
D:5 Eustachio


Innate Abilities, Weirdness & Mutations

You are too large for most types of armour.
You have claws for hands.
Your natural rate of healing is unusually fast.
You are covered in fur. (AC +1)
You have tough skin. (AC +1)


Message History

You thump the quokka!
You kill the quokka!
The quokka's corpse disappears in a puff of smoke!
Eustachio yells, "Perjured traitor, DIE!"
Eustachio hits you with a +0 rapier.
* * * LOW HITPOINT WARNING * * *
The bat closely misses you.
You sock the river rat!
The river rat is heavily wounded.
The bat barely misses you. The river rat closely misses you.
Eustachio hits you with a +0 rapier.
* * * LOW HITPOINT WARNING * * *
You hit the river rat.
You kill the river rat!
The river rat's corpse disappears in a puff of smoke!
You are no longer berserk.
You are exhausted.
You feel yourself slow down. The bat hits you.
* * * LOW HITPOINT WARNING * * *
Aiming: Throw Flame
Press: ? - help, Shift-Dir - straight line, f/p - Eustachio
Aim: Eustachio, wielding a +0 rapier, wearing a +0 leather armour and carrying a wand of flame (4) (heavily wounded, 56% to hit)
The puff of flame misses Eustachio.
The bat hits you but does no damage. Eustachio hits you with a +0 rapier.
* * * LOW HITPOINT WARNING * * *
Eustachio gestures wildly while chanting.
Aiming: Throw Flame
Press: ? - help, Shift-Dir - straight line, f/p - Eustachio
Aim: Eustachio, wielding a +0 rapier, wearing a +0 leather armour and carrying a wand of flame (4) (grey smoke, heavily wounded, 56% to hit)
The puff of flame hits Eustachio.
Eustachio is severely wounded.
The bat hits you. The bat barely misses you. The bat closely misses you.
Eustachio twirls his moustache.
Eustachio zaps a wand.
The puff of flame hits you!
* * * LOW HITPOINT WARNING * * *
You hit Eustachio.
Eustachio is severely wounded.
The bat misses you. The bat hits you but does no damage.
Eustachio hits you with a +0 rapier!
You die...

### ##.## #########
##...##
........####.....#######
######...##...b........#
...............§@..###.#
######...##..§..@.##
##.####.§<§5... #>#
##...##### #.# ##.## #.#
#.# ... ..# #. ###


You could see Eustachio, a white imp (summoned) and a bat (summoned).

Vanquished Creatures
  2 ogres (D:4)
  A black bear (D:4)
  A necrophage (D:4)
  A scorpion (D:4)
  A water moccasin skeleton (D:5)
  A hound (D:4)
  A gnoll shaman (D:5)
  A bullfrog skeleton (D:5)
  Natasha (thrice) (D:2)
  An iguana (D:5)
  An orc wizard (D:5)
  3 gnolls (D:5)
  5 adders
  A white imp (D:5)
  An adder skeleton (D:5)
  3 worms
  2 dart slugs
  4 orcs (D:5)
  7 ball pythons
  3 endoplasms
  2 giant cockroaches
  6 goblins
  5 hobgoblins
  4 jackals (D:3)
  5 kobolds
  4 quokkas
  4 bats
  4 frilled lizards
  2 rats
79 creatures vanquished.

Notes
Turn   | Place    | Note
-------+----------+-------------------------------------------
     0 | D:1      | fragbeetle the Troll Berserker began the quest for the Orb.
     0 | D:1      | Reached XP level 1. HP: 22/22 MP: 0/0
   301 | D:1      | Found Teghyilo's Weapon Shoppe.
   395 | D:1      | Reached XP level 2. HP: 29/29 MP: 1/1
   964 | D:2      | Reached skill level 3 in Maces & Flails
  1098 | D:2      | Reached XP level 3. HP: 14/36 MP: 2/2
  1149 | D:2      | Noticed Natasha
  1155 | D:2      | Reached skill level 1 in Throwing
  1158 | D:2      | Killed Natasha
  1197 | D:2      | Reached XP level 4. HP: 43/44 MP: 3/3
  1317 | D:2      | Reached ** piety under Trog
  1369 | D:2      | Noticed Natasha
  1385 | D:2      | Killed Natasha
  1531 | D:2      | Noticed Natasha
  1549 | D:2      | Killed Natasha
  1602 | D:2      | Reached XP level 5. HP: 50/53 MP: 4/4
  1796 | D:3      | Found a faded altar of an unknown god.
  1819 | D:3      | Reached skill level 4 in Maces & Flails
  1909 | D:3      | Identified the amulet "Hoff" {Spirit Int+4}
  2043 | D:3      | Found Yhiek's Antique Armour Shoppe.
  2744 | D:4      | Noticed a necrophage
  2753 | D:4      | Killed a necrophage
  2754 | D:4      | Reached XP level 6. HP: 61/61 MP: 5/5
  2781 | D:4      | Found a staircase to the Ecumenical Temple.
  2857 | Temple   | Entered the Ecumenical Temple
  3162 | D:4      | Reached skill level 5 in Maces & Flails
  3162 | D:4      | Reached XP level 7. HP: 67/67 MP: 6/6
  3575 | D:5      | Entered Level 5 of the Dungeon
  3619 | D:5      | Reached skill level 1 in Evocations
  3976 | D:5      | Noticed Eustachio
  3999 | D:5      | Slain by Eustachio

Illustrated notes

Levels and vault maps discovered:
D:1:      erik_arrival_orb_chamber, layout_basic, serial_shops,
          nicolae_shop_competitors_out_of_business, minmay_misc_feat_hallway
D:2:      layout_loops_ring, uniq_natasha
D:3:      layout_basic, basic_ecumenical_altar, serial_shops,
          nicolae_shop_stone, nrook_campfire, corexii_hall_statues_t
D:4:      layout_loops_ring, minmay_temple_entry_sparse_star
D:5:      layout_loops_ring, kennysheep_cluttered_room, hex_medium,
          uniq_duvessa, uniq_eustachio
Temple:   nicolae_temple_the_god_donut

Skill      XL: |  1  2  3  4  5  6  7 |
---------------+----------------------+-----
Maces & Flails | 3 4 5 |  5.5
Throwing       | 1 2 3 |  3.1
Fighting       | 3 |  3.8
Dodging        | 3 |  3.8
Evocations     | 1 |  1.3

Action                   |  1- 3 |  4- 6 |  7- 9 || total
-------------------------+-------+-------+-------++-------
Melee: Mace              |    82 |   143 |    99 ||   324
Throw: Stone             |     2 |    13 |     2 ||    17
       Dart              |       |     6 |     4 ||    10
Invok: Berserk           |       |     1 |     4 ||     5
Evoke: Wand              |       |       |     2 ||     2
Armor: Animal skin       |    25 |    27 |    37 ||    89
Dodge: Dodged            |    45 |    78 |    66 ||   189

Table legend: (Time is in decaauts)
 A = Elapsed time spent in this place.
 B = Non-inter-level travel time spent in this place.
 C = Inter-level travel time spent in this place.
 D = Time resting spent in this place.
 E = Time spent auto-exploring this place.
 F = Levels seen in this place.
 G = Mean time per level.
                   A        B        C        D        E       F      G
               +--------+--------+--------+--------+--------+-----+--------+
         Total |   4114 |   4000 |    114 |    186 |   2746 |   6 |  685.7 |
       Dungeon |   4106 |   3992 |    114 |    186 |   2746 |   5 |  821.2 |
        Temple |      8 |      8 |      0 |      0 |      0 |   1 |    8.0 |
               +--------+--------+--------+--------+--------+-----+--------+

Top non-repeatable levels by time:
     D:3: 1007 daAuts
     D:1: 966 daAuts
     D:4: 875 daAuts
     D:2: 816 daAuts
     D:5: 439 daAuts
  Temple: 8 daAuts
